Map: Dusk Towers

Players

MythiC - Winner!

  • Race: Terran Terran
  • League: Grandmaster

HaNfy

  • Race: Zerg Zerg
  • League: Grandmaster

VOD

Have the link to the VOD?

Description

Time

  • Played on: Dec. 12, 2015, 8:35 p.m.
  • Length: 13:57
Show
View Real Time Build Order
Export as new Build Order

MythiC Terran - Winner!

Build Orders: MMM Bio 

Get SALT Encoding   

  12  0:01  SCV  
  13  0:13  SCV  
  14  0:17  Supply Depot  
  14  0:25  SCV  
  15  0:39  SCV  
  15  0:41  Barracks  
  16  0:44  Refinery  
  16  0:51  SCV  
  17  1:03  SCV  
  18  1:15  SCV  
  19  1:27  Orbital Command  
  19  1:29  Barracks Reactor  
  19  1:40  Command Center  
  19  1:52  Supply Depot  
  19  1:53  SCV  
  20  2:05  SCV  
  20  2:06  Reaper x2  
  23  2:10  Refinery  
  23  2:13  Barracks  
  23  2:18  SCV  
  24  2:26  Barracks  
  24  2:30  SCV  
  25  2:38  Reaper x2  
  25  2:42  SCV  
  28  2:52  Orbital Command  
  28  2:54  SCV  
  29  3:00  Barracks Tech Lab  
  29  3:06  SCV  
  29  3:09  Factory  
  31  3:14  Marine  
  31  3:18  SCV x2  
  34  3:22  Marine x2  
  34  3:24  Marine  
  36  3:30  SCV x2  
  36  3:32  Marine  
  39  3:39  Marine  
  39  3:40  Marine  
  41  3:42  SCV  
  41  3:44  SCV  
  42  3:50  Marine x2  
  42  3:51  Stimpack  
  42  3:54  SCV  
  45  3:58  Supply Depot  
  45  4:05  Supply Depot, SCV  
  45  4:09  SCV  
  46  4:12  Factory Reactor  
  46  4:15  Starport  
  46  4:18  Supply Depot  
  46  4:19  Refinery, SCV, Marine x2  
  46  4:22  SCV  
  50  4:31  SCV  
  50  4:34  SCV  
  52  4:40  Marine x4  
  52  4:43  SCV  
  57  4:46  Supply Depot, SCV  
  57  4:50  Supply Depot  
  58  4:56  SCV  
  58  4:58  Factory Tech Lab, SCV, Medivac x2  
  64  5:00  Marine x4  
  68  5:08  SCV  
  68  5:10  SCV  
  70  5:14  Command Center  
  70  5:16  Supply Depot  
  70  5:18  Marine  
  70  5:19  Siege Tank  
  70  5:20  Liberator x2  
  74  5:22  SCV, Marine  
  74  5:23  Marine  
  74  5:26  Marine  
  74  5:27  SCV  
  79  5:35  SCV, Marine  
  80  5:39  SCV  
  80  5:41  Refinery, Marine  
  89  5:47  Supply Depot, SCV  
  90  5:51  SCV, Barracks Reactor, Marine  
  90  5:52  Combat Shields  
  90  5:53  Marine  
  93  5:59  SCV  
  93  6:03  Supply Depot  
  94  6:08  SCV, Marine  
  94  6:10  Marine  
  94  6:11  Supply Depot, Marine  
  94  6:23  Siege Tank  
  94  6:24  Medivac x2  
  101  6:26  Marine  
  101  6:27  Orbital Command  
  101  6:28  Marine  
  101  6:31  SCV  
  104  6:33  Marine x3  
  104  6:37  SCV  
  104  6:38  Engineering Bay x2  
  108  6:40  Supply Depot  
  108  6:42  Supply Depot  
  108  6:52  Marine x5  
  106  6:55  Orbital Command  
  106  6:57  Medivac x2  
  110  7:06  Barracks  
  110  7:07  Barracks  
  110  7:09  SCV  
  110  7:10  SCV  
  110  7:13  Terran Infantry Armor Level 1, Terran Infantry Weapons Level 1  
  110  7:22  SCV x2  
  110  7:23  SCV  
  110  7:24  Marine  
  110  7:25  Marine  
  110  7:27  Marine x3  
  110  7:29  Siege Tank  
  119  7:34  Refinery, SCV  
  120  7:40  Supply Depot x2  
  120  7:42  Marine x2  
  122  7:45  Marine  
  122  7:50  Factory  
  124  7:51  SCV x2  
  124  7:52  SCV, Barracks  
  124  7:53  Barracks  
  124  7:55  Marine  
  124  7:56  Barracks Tech Lab  
  124  7:58  Barracks Reactor  
  125  7:59  Medivac  
  125  8:03  SCV x2  
  125  8:04  SCV  
  130  8:15  SCV  
  130  8:16  Marine x3  
  130  8:17  Armory  
  130  8:18  Marine x2  
  136  8:23  Marine  
  131  8:33  Marine x2  
  131  8:34  Marine  
  127  8:35  Marine  
  127  8:37  Factory Reactor  
  127  8:38  Widow Mine  
  127  8:39  Medivac x2  
  131  8:41  SCV  
  131  8:46  SCV x2, Armory  
  134  8:48  Refinery, Marine x2  
  134  8:50  Marauder  
  134  8:51  Marauder  
  134  8:52  Barracks Tech Lab x2  
  140  8:59  Marine x4  
  144  9:06  Marine x2  
  144  9:08  Terran Infantry Weapons Level 2  
  144  9:09  Terran Infantry Armor Level 2  
  146  9:11  Command Center  
  146  9:12  Marauder x2  
  146  9:14  Marine  
  146  9:15  Marine  
  146  9:16  Widow Mine x3  
  146  9:17  Marine x2  
  160  9:26  Marine  
  160  9:27  Marine x3  
  160  9:29  Medivac x2  
  168  9:32  Marine  
  168  9:35  Marine x2  
  168  9:36  Marine x2  
  173  9:44  Widow Mine  
  172  9:48  Marine x2  
  173  9:59  Marine  
  173  10:12  Supply Depot  
  173  10:13  Supply Depot  
  173  10:22  Widow Mine x3, Marine x6  
  173  10:23  Marauder x3  
  173  10:26  Marauder  
  159  10:40  Marine x4  
  159  10:42  Marine x2  
  149  10:44  Marauder x3  
  149  10:47  Marine  
  149  10:49  Liberator x2  
  157  10:51  Widow Mine x2  
  150  10:58  Marine x4  
  150  11:00  Marine x2  
  156  11:05  Marine  
  156  11:06  Marauder x3  
  156  11:07  Planetary Fortress  
  163  11:16  Marine x4  
  161  11:19  Marine x2  
  161  11:24  Marauder  
  161  11:25  Widow Mine x3  
  167  11:27  Marauder x3  
  173  11:33  Marine x3  
  173  11:34  Liberator x2, Marine  
  173  11:37  Marine  
  168  11:41  Marine  
  168  11:45  Marauder  
  167  11:48  Marine x2  
  167  11:49  Marauder  
  167  11:51  Marine x2  
  167  11:53  Widow Mine  
  181  11:54  Marine  
  181  11:57  Marine  
  181  12:06  Marauder x3  
  181  12:08  Marine  
  176  12:10  Marauder  
  176  12:11  Marine  
  176  12:14  Marine x2  
  170  12:20  Widow Mine x2, Marine x2  
  169  12:28  Marauder x3  
  167  12:41  Marine x4  
  167  12:42  Marauder, Marine x2  
  174  12:46  Liberator x2  
  174  12:48  Marine  
  174  12:49  Marine  
  168  12:59  Marine x3  
  168  13:00  Marauder, Widow Mine x3  
  187  13:05  Marauder  
  187  13:19  Marine x2  
  188  13:20  Marauder  
  188  13:22  Marauder, Marine x2  
  190  13:31  Marine  
  195  13:38  Marine  
Show
View Real Time Build Order
Export as new Build Order

HaNfy Zerg 

Build Orders: Hatch First 

Get SALT Encoding   

  12  0:01  Drone  
  13  0:08  Drone  
  14  0:17  Overlord  
  14  0:26  Drone, Extractor  
  15  0:36  Drone x2  
  17  0:53  Hatchery  
  17  0:54  Drone  
  17  1:03  Extractor, Drone  
  17  1:13  Spawning Pool  
  17  1:15  Drone  
  17  1:20  Drone  
  18  1:28  Drone  
  19  1:38  Overlord  
  19  1:49  Drone  
  20  2:00  Queen  
  22  2:01  Zergling x2  
  22  2:04  Queen  
  22  2:06  Drone  
  26  2:11  Zergling x2  
  27  2:17  Metabolic Boost  
  27  2:19  Drone  
  28  2:27  Drone x2  
  30  2:34  Drone  
  30  2:36  Queen  
  33  2:40  Queen  
  35  2:48  Overlord  
  35  2:51  Overlord  
  35  2:52  Drone  
  36  3:13  Zergling x2  
  36  3:14  Zergling x4  
  36  3:17  Drone x7  
  47  3:34  Zergling x6  
  45  3:51  Zergling x8  
  45  3:54  Drone x3  
  45  3:55  Overlord x2  
  52  4:01  Hatchery  
  50  4:07  Drone  
  51  4:11  Overlord  
  51  4:12  Overlord  
  47  4:36  Drone x8  
  53  4:44  Lair  
  53  4:46  Hatchery  
  53  4:48  Roach Warren  
  53  4:49  Extractor x2  
  53  4:51  Drone x2  
  53  4:52  Drone  
  52  4:56  Queen  
  54  5:03  Extractor  
  53  5:08  Evolution Chamber, Overlord  
  53  5:09  Evolution Chamber  
  53  5:10  Drone x4  
  56  5:28  Drone x3  
  56  5:29  Roach x3  
  64  5:37  Zerg Missile Weapons Level 1, Zerg Ground Armor Level 1  
  64  5:38  Roach x2  
  68  5:44  Zergling x4, Roach x2  
  68  5:45  Zergling x6  
  77  5:54  Ravager  
  77  5:56  Zergling x2  
  83  5:57  Zergling x6, Roach x2  
  85  6:20  Drone x11  
  96  6:28  Glial Reconstitution  
  96  6:31  Overlord x5  
  96  6:36  Infestation Pit  
  96  6:37  Extractor  
  96  6:38  Extractor  
  90  6:58  Ravager x5  
  90  6:59  Ravager  
  96  7:07  Spore Crawler, Hatchery  
  96  7:08  Spore Crawler  
  92  7:20  Drone x9  
  101  7:24  Drone x4  
  101  7:26  Pathogen Glands  
  101  7:27  Zergling x2  
  101  7:28  Zergling x14  
  113  7:39  Overlord x4  
  113  7:47  Spore Crawler  
  113  7:49  Spore Crawler x2  
  113  7:50  Spore Crawler  
  109  7:53  Overlord x2  
  109  7:56  Pneumatized Carapace  
  109  7:58  Infestor  
  109  8:04  Infestor x2  
  115  8:07  Infestor  
  114  8:34  Drone x7  
  112  8:36  Zergling x4, Roach x3  
  112  8:37  Zergling x6  
  112  8:38  Zerg Ground Armor Level 2, Zerg Melee Weapons Level 1  
  124  8:42  Hive  
  124  8:44  Drone x3  
  127  8:59  Extractor  
  127  9:01  Drone x6  
  127  9:02  Spine Crawler, Extractor  
  130  9:04  Spine Crawler  
  130  9:07  Overseer  
  130  9:09  Baneling Nest  
  128  9:23  Overlord x5  
  128  9:31  Roach  
  128  9:32  Roach x9  
  148  9:50  Zergling x2  
  148  9:51  Zergling x32  
  162  10:17  Roach  
  162  10:18  Roach x15  
  193  10:23  Burrow  
  173  10:35  Roach  
  125  10:44  Zergling x2  
  125  10:45  Zergling x22  
  125  10:48  Adrenal Glands  
  135  10:53  Ultralisk Cavern  
  135  10:56  Overseer  
  130  10:57  Overseer  
  130  11:03  Spore Crawler, Viper x5  
  130  11:04  Spine Crawler  
  143  11:12  Zerg Melee Weapons Level 2  
  143  11:13  Zerg Ground Armor Level 3  
  142  11:25  Ravager x3  
  142  11:26  Ravager x3  
  143  11:37  Zergling x2  
  143  11:38  Zergling x34  
  151  11:50  Chitinous Plating  
  151  11:51  Ultralisk  
  123  12:20  Zergling x22  
  123  12:21  Zergling x18  
  137  12:39  Zergling x4, Ultralisk x2  
  137  12:40  Zergling x2  
  125  13:00  Ultralisk  
  125  13:02  Hatchery  
  130  13:10  Ravager  
  131  13:17  Baneling  
  131  13:18  Baneling x6  
  131  13:19  Baneling x4  
  128  13:20  Zergling x4  
Tags
 
Add a new tag
Caveats
  • Supply blocks, unpowered buildings, or Contaminate may cause inaccurate times.
  • Supply counts are checked every 10 seconds.